 Dungeon Sprint DCSS version 0.30-a0-137-gd8773701ce (webtiles) character file.

Game seed: 10829235287728845274

105 Pilot the Trooper (level 4, -2/32 HPs)
             Began as a Gargoyle Fighter on Sept 22, 2022.
             Slain by a water elemental (13 damage)
             ... in the Dungeon (Sprint III: "The Ten Rune Challenge").
             The game lasted 00:01:45 (404 turns).

Pilot the Trooper (Gargoyle Fighter)                 Turns: 404, Time: 00:01:46

Health: -2/32      AC: 11    Str: 20    XL:     4   Next: 83%
Magic:  4/4        EV:  9    Int:  8    God:
Gold:   28         SH:  5    Dex: 11    Spells: 3/3 levels left

rFire   . . .      SeeInvis .    a - +0 flail
rCold   . . .      Faith    .    c - +0 buckler
rNeg    + . .      Spirit   .    b - +0 scale mail
rPois   ∞          Reflect  .    (no helmet)
rElec   +          Harm     .    (no cloak)
rCorr   .          Rampage  .    (no gloves)
Will    .....      NoTele   +    (no boots)
Stlth   ..........               (no amulet)
HPRegen 0.10/turn                (no ring)
MPRegen 0.09/turn                (no ring)

@: engulfed
A: sickness immunity, AC +3, negative energy resistance 1, electricity
resistance, torment resistance 1, petrification resistance
a: no special abilities


You were in the Dungeon.
You visited 1 branch You collected 28 gold pieces.

Inventory:

Hand Weapons
 a - a +0 flail (weapon)
Armour
 b - a +0 scale mail (worn)
 c - a +0 buckler (worn)
Scrolls
 j - 2 scrolls of blinking
 l - 4 scrolls of poison {unknown}
 m - 4 scrolls of identify
Potions
 d - a potion of might
 e - a potion of curing
 f - a potion of heal wounds
 g - a potion of haste
 h - 2 potions of magic
 i - a potion of berserk rage
 k - 3 potions of mutation {unknown}
 n - 4 potions of flight
 o - a potion of resistance {unknown}


   Skills:
 + Level 6.2 Fighting
 + Level 4.2 Maces & Flails
 + Level 6.2 Armour
 + Level 0.3 Dodging
 + Level 5.9 Shields


You had 3 spell levels left.
You didn't know any spells.
Your spell library was empty.

Dungeon Overview and Level Annotations

Branches:
Dungeon (1/1)

Altars:


Innate Abilities, Weirdness & Mutations

You are immune to sickness and miasma.
Your stone body is resilient. (AC +3)
You are immune to poison.
You resist negative energy. (rN+)
You are resistant to electric shocks. (rElec)
You are resistant to unholy torment.
You are immune to petrification.


Message History

Your Maces & Flails skill increases to level 4!
Your Armour skill increases to level 6!
You see here a human corpse.
You open the door.
Found 24 gold pieces and 2 murky puce potions.
There is an open door here.
You now have 21 gold pieces (gained 17).
k - a murky puce potion;
l - 3 scrolls labelled GYJOPU JEOQOF
m - 2 scrolls of identify;
k - 2 murky puce potions (gained 1)
n - 2 potions of flight
k - 3 murky puce potions (gained 1)
l - 4 scrolls labelled GYJOPU JEOQOF (gained 1)
m - 4 scrolls of identify (gained 2);
o - a viscous purple potion
n - 4 potions of flight (gained 2)
You now have 28 gold pieces (gained 7).
There is an open door here.
You open the door.
A water elemental comes into view.
The water elemental closely misses you.
There is an open door to the Ecumenical Temple here.
You thump the water elemental!
The water elemental is moderately damaged.
The water elemental barely misses you.
You closely miss the water elemental.
The water elemental is moderately damaged.
The water elemental hits you. The water elemental hits you!
You hit the water elemental.
The water elemental is moderately damaged.
The water elemental hits you.
The water elemental engulfs you in water!
You hit the water elemental.
The water elemental is moderately damaged.
You block the water elemental's attack.
You hit the water elemental.
The water elemental is heavily damaged.
The water elemental hits you.
You barely miss the water elemental.
The water elemental is heavily damaged.
The water elemental hits you!
You die...

▓▓▓▓▓▓▓ ▓▓▓ ..#...####
##.# ..#......#####..#
.##.......#..#..#
#.##.##...#..#..###+#+##
#.##.###..##'#..#.......
.####.##..###...@.⌠.....
###..##.)####...#E..####
.....##..###....#.⌠.#
##..##...##.....#...#
#..##....#......#+###
..###..##÷#.....# ..#
#..#####....# ▓▓▓ ▓▓▓▓
▓▓▓▓▓▓


You could see a water elemental.

Vanquished Creatures
  A scorpion (D)
  Jessica (D)
  A human (D)
  2 endoplasms (D)
  A rat (D)
6 creatures vanquished.

Vanquished Creatures (others)
  2 plants (D)
2 creatures vanquished.

Grand Total: 8 creatures vanquished

Notes
Turn   | Place    | Note
-------+----------+-------------------------------------------
     0 | D        | Pilot the Gargoyle Fighter began the quest for the Orb.
     0 | D        | Reached XP level 1. HP: 14/14 MP: 1/1
   129 | D        | Noticed Jessica
   133 | D        | Killed Jessica
   134 | D        | Reached XP level 2. HP: 17/20 MP: 2/2
   134 | D        | Reached XP level 3. HP: 22/25 MP: 3/3
   142 | D        | Noticed a scorpion
   152 | D        | Killed a scorpion
   153 | D        | Reached skill level 5 in Armour
   153 | D        | Reached skill level 5 in Shields
   153 | D        | Reached XP level 4. HP: 21/32 MP: 4/4
   397 | D        | Noticed a water elemental
   404 | D        | Slain by a water elemental

Illustrated notes

Levels and vault maps discovered:
D:        dungeon_sprint_mu [sprint_mu_entry_cave, sprint_mu_temple_rooms,
          sprint_mu_d1_horrors, sprint_mu_d2_genie, sprint_mu_d3_branching,
          sprint_mu_orc_legion, sprint_mu_elf_gauntlet, sprint_mu_hive_nellie,
          sprint_mu_lair_fedhas, sprint_mu_vaults_butterflies,
          sprint_mu_slime_circle, sprint_mu_swamp_cave, sprint_mu_shoals_kraken,
          sprint_mu_blade_basic, sprint_mu_crypt_fortress,
          sprint_mu_tomb_spiral, sprint_mu_vestibule_basic,
          sprint_mu_gehenna_hellfire, sprint_mu_dis_giant,
          sprint_mu_tartarus_statrot, sprint_mu_cocytus_islands, sprint_mu_zot1]

Skill      XL: |  1  2  3  4 |
---------------+-------------+-----
Fighting       | 4 6 |  6.2
Maces & Flails | 3 4 |  4.2
Armour         | 4 5 6 |  6.2
Shields        | 4 5 |  5.9
Dodging        | |  0.3

Action                   |  1- 3 |  4- 6 || total
-------------------------+-------+-------++-------
Melee: Flail             |    14 |    22 ||    36
Armor: Scale mail        |     4 |     6 ||    10
Dodge: Dodged            |     5 |     8 ||    13
Block: Buckler           |     2 |     4 ||     6

Table legend: (Time is in decaauts)
 A = Elapsed time spent in this place.
 B = Non-inter-level travel time spent in this place.
 C = Inter-level travel time spent in this place.
 D = Time resting spent in this place.
 E = Time spent auto-exploring this place.
 F = Levels seen in this place.
 G = Mean time per level.
                   A        B        C        D        E       F      G
               +--------+--------+--------+--------+--------+-----+--------+
         Total |    413 |    365 |     48 |      0 |      1 |   1 |  413.0 |
       Dungeon |    413 |    365 |     48 |      0 |      1 |   1 |  413.0 |
               +--------+--------+--------+--------+--------+-----+--------+

Top non-repeatable levels by time:
       D: 413 daAuts
